 Dungeon Crawl Stone Soup version 0.28-a0-622-gbaef9634d7 (webtiles) character file.

Game seed: 17748588021867098372

132 sleeves the Slasher (level 4, 0/35 HPs)
             Began as a Demonspawn Fighter on Oct 7, 2021.
             Slain by Pikel (1 damage)
             ... on level 4 of the Dungeon.
             The game lasted 00:01:24 (2768 turns).

sleeves the Slasher (Demonspawn Fighter)            Turns: 2768, Time: 00:01:25

Health: 0/35       AC:  9    Str: 17    XL:     4   Next: 92%
Magic:  4/4        EV:  9    Int: 10    God:
Gold:   115        SH:  4    Dex: 12    Spells: 3/3 levels left

rFire   . . .      SeeInvis .   a - +0 long sword
rCold   . . .      Faith    .   c - +0 buckler
rNeg    . . .      Spirit   .   b - +0 scale mail
rPois   .          Reflect  .   (no helmet)
rElec   .          Harm     .   (no cloak)
rCorr   .          Rampage  .   (no gloves)
Will    .....                   i - +0 pair of boots
Stlth   ..........              (no amulet)
HPRegen 0.11/turn               (no ring)
MPRegen 0.09/turn               (no ring)

@: no status effects
A: yellow scales 1
a: no special abilities


You were on level 4 of the Dungeon.
You visited 1 branch of the dungeon, and saw 4 of its levels.

You collected 115 gold pieces.

Inventory:

Hand Weapons
 a - a +0 long sword (weapon)
Armour
 b - a +0 scale mail (worn)
 c - a +0 buckler (worn)
 i - a +0 pair of boots (worn)
   (You found it on level 2 of the Dungeon)
Jewellery
 m - a ring of magical power
   (You found it on level 3 of the Dungeon)
Scrolls
 f - a scroll of magic mapping {unknown}
 g - a scroll of teleportation {unknown}
 h - a scroll of enchant armour {unknown}
 j - a scroll of acquirement {unknown}
 k - a scroll of brand weapon {unknown}
 o - a scroll of identify {unknown}
Potions
 e - 2 potions of heal wounds {unknown}
 l - a potion of haste {unknown}
 n - a potion of cancellation {unknown}


   Skills:
 - Level 3.0 Fighting
 + Level 4.7 Long Blades
 - Level 2.6 Armour
 - Level 2.6 Shields


You had 3 spell levels left.
You didn't know any spells.
Your spell library was empty.

Dungeon Overview and Level Annotations

Branches:
Dungeon (4/15)
 Temple: D:4-7

Altars:

Annotations:
D:4 Pikel


Innate Abilities, Weirdness & Mutations

You are partially covered in yellow scales. (AC +2)


Message History

Welcome, sleeves the Demonspawn Fighter.
Will you be the one to retrieve the awesome Orb of Zot from the depths?
Press ? for a list of commands and other information.
Found an inky potion and a scroll labelled WUJE VATEFUKK.
Found a staircase leading out of the dungeon.
e - an inky potion
f - a scroll labelled WUJE VATEFUKK A rat comes into view.
A rat is nearby!
Found a buckler.
You hit the rat.
The rat is severely wounded.
The rat bites you.
You hit the rat.
You kill the rat!
No target in view!
No target in view!
No target in view!
No target in view!
Found 20 stones.
g - a scroll labelled GUH LUTU WADEN No target in view!
Unknown command.
You now have 11 gold pieces.
A ball python comes into view.
The ball python hisses angrily.
A ball python is nearby!
A ball python is nearby!
You slash the ball python!
You kill the ball python!
Your Long Blades skill increases to level 2!
No target in view!
No target in view!
No target in view!
No target in view!
No target in view!
No target in view!
Found a stone staircase leading down.
A bat comes into view.
A bat is nearby!
The bat hits you but does no damage. You block the bat's attack.
You barely miss the bat. The bat hits you but does no damage.
You block the bat's attack.
You barely miss the bat. The bat closely misses you.
You completely miss the bat. The bat barely misses you. The bat hits you.
The bat closely misses you.
You miss the bat. You block the bat's attack. The bat barely misses you.
You closely miss the bat. The bat hits you but does no damage. x2
The bat hits you but does no damage. The bat barely misses you.
You miss the bat. The bat hits you but does no damage. x2
A bat is nearby!
A bat is nearby!
A bat is nearby!
The bat hits you but does no damage. You block the bat's attack.
The bat hits you but does no damage.
You barely miss the bat. The bat hits you but does no damage.
You hit the bat.
The bat is severely wounded.
You block the bat's attack. The bat barely misses you.
The bat hits you but does no damage. You block the bat's attack.
The bat closely misses you. You block the bat's attack.
You slash the bat!
You kill the bat!
No target in view!
No target in view!
Found a robe.
Found a dagger.
A rat comes into view.
The rat bites you but does no damage.
You closely miss the rat. The rat bites you but does no damage.
You barely miss the rat. The rat bites you but does no damage.
You barely miss the rat. The rat closely misses you. The rat bites you.
You closely miss the rat. The rat barely misses you.
You hit the rat.
You kill the rat!
No target in view!
No target in view!
No target in view!
No target in view!
HP restored.
A hobgoblin comes into view.
The hobgoblin shouts!
A hobgoblin is nearby!
A hobgoblin is nearby!
A ball python comes into view.
The ball python hisses angrily.
You block the hobgoblin's attack.
You barely miss the hobgoblin. You block the hobgoblin's attack.
You slash the ball python!
You kill the ball python!
The hobgoblin hits you but does no damage. x2
Your scale mail prevents you from hitting the hobgoblin.
The hobgoblin hits you but does no damage.
You closely miss the hobgoblin.
The hobgoblin hits you but does no damage.
You closely miss the hobgoblin.
The hobgoblin hits you but does no damage. x2
You slash the hobgoblin!
You kill the hobgoblin!
No target in view!
No target in view!
Found a stone staircase leading down.
An endoplasm comes into view.
The endoplasm quivers.
An endoplasm is nearby!
The endoplasm freezes you.
You are frozen.
You hit the endoplasm.
The endoplasm is almost dead.
The endoplasm jiggles.
The endoplasm barely misses you.
You slash the endoplasm!
You kill the endoplasm!
No target in view!
No target in view!
No target in view!
No target in view!
An endoplasm comes into view.
Found a stone staircase leading down.
The endoplasm quivers.
An endoplasm is nearby!
An endoplasm is nearby!
The endoplasm completely misses you.
You hit the endoplasm.
The endoplasm is moderately wounded.
The endoplasm hits you but does no damage.
You hit the endoplasm.
The endoplasm is severely wounded.
The endoplasm freezes you.
You are frozen.
The endoplasm freezes you.
You are frozen.
You are too injured to fight recklessly!
You are too injured to fight recklessly!
You are too injured to fight recklessly!
You are too injured to fight recklessly!
You are too injured to fight recklessly!
You are too injured to fight recklessly!
An endoplasm is nearby!
An endoplasm is nearby!
An endoplasm is nearby!
You are too injured to fight recklessly!
You slash the endoplasm!
You kill the endoplasm!
You have reached level 2!
Your demonic ancestry asserts itself...
Yellow scales grow over part of your body.
A goblin comes into view. It is wielding a +0 dagger.
The goblin shouts!
A goblin is nearby!
A goblin is nearby!
A goblin is nearby!
A giant cockroach comes into view.
An endoplasm comes into view.
The endoplasm quivers.
The goblin hits you but does no damage.
You hit the goblin.
The goblin is severely wounded.
The goblin hits you but does no damage.
You slash the goblin!
You kill the goblin!
The giant cockroach bites you but does no damage.
You closely miss the giant cockroach. The giant cockroach barely misses you.
You block the giant cockroach's attack.
The endoplasm hits you but does no damage.
You closely miss the giant cockroach. The giant cockroach misses you.
The endoplasm hits you but does no damage.
You slash the giant cockroach!
You kill the giant cockroach!
You block the endoplasm's attack.
You hit the endoplasm.
The endoplasm is almost dead.
The endoplasm barely misses you.
You hit the endoplasm.
You kill the endoplasm!
You see here a +0 dagger.
Found a hunting sling.
A kobold comes into view. It is wielding a +0 short sword.
The kobold shouts!
You closely miss the kobold. The kobold hits you but does no damage.
The kobold hits you with a +0 short sword.
You slash the kobold!
You kill the kobold!
No target in view!
No target in view!
Done exploring.
Done exploring.
No target in view!
No target in view!
No target in view!
No target in view!
No target in view!
No target in view!
Done exploring.
Done exploring.
Done exploring.
(D) Dungeon
Where to? (? - help)
There is a stone staircase leading down here.
You climb downwards.
There is a stone staircase leading up here.
There are monsters nearby!
There are monsters nearby!
There are monsters nearby!
You block the quokka's attack.
You miss the quokka.
The quokka bites you but does no damage.
You slash the quokka!
You kill the quokka!
No target in view!
No target in view!
No target in view!
No target in view!
No target in view!
A quokka is nearby!
A quokka is nearby!
The quokka bites you but does no damage.
You barely miss the quokka. The quokka completely misses you.
The quokka barely misses you.
You completely miss the quokka. The quokka barely misses you.
You hit the quokka.
The quokka is moderately wounded.
The quokka closely misses you. x2
You hit the quokka.
You kill the quokka!
No target in view!
No target in view!
An endoplasm comes into view.
The endoplasm quivers.
An endoplasm is nearby!
An endoplasm is nearby!
Found 9 gold pieces.
You block the endoplasm's attack.
You slash the endoplasm!
You kill the endoplasm!
No target in view!
No target in view!
No target in view!
No target in view!
No target in view!
No target in view!
No target in view!
Found a stone staircase leading up.
Found an escape hatch in the floor.
You now have 20 gold pieces (gained 9).
You open the door.
There is an open door here.
You open the door.
A ball python comes into view.
The ball python hisses angrily.
You hear an angry hiss.
There is an open door here.
A ball python comes into view.
You slash the ball python!
You kill the ball python!
You barely miss the ball python. You block the ball python's attack.
The ball python grabs you. The ball python constricts you.
The ball python bites you but does no damage.
The ball python constricts you.
You closely miss the ball python. The ball python bites you.
The ball python constricts you.
You barely miss the ball python.
The ball python bites you but does no damage.
The ball python constricts you.
The ball python bites you but does no damage.
The ball python constricts you.
You barely miss the ball python.
The ball python bites you but does no damage.
The ball python constricts you.
You barely miss the ball python. The ball python bites you.
The ball python constricts you. The ball python barely misses you.
The ball python constricts you.
You closely miss the ball python.
The ball python bites you but does no damage.
The ball python constricts you.
A ball python is nearby!
A ball python is nearby!
You hit the ball python.
The ball python is moderately wounded.
The ball python bites you but does no damage.
The ball python constricts you. The ball python completely misses you.
The ball python constricts you.
You slash the ball python!
You kill the ball python!
Your Long Blades skill increases to level 3!
No target in view!
No target in view!
No target in view!
No target in view!
No target in view!
No target in view!
No target in view!
No target in view!
No target in view!
No target in view!
No target in view!
HP restored.
You now have 32 gold pieces (gained 12).
Found a stone staircase leading up.
As you open the door, it creaks loudly!
There is an open door here.
Found a robe.
A ball python comes into view.
Found an escape hatch in the ceiling.
A ball python is nearby!
A rat and a kobold come into view.
Found a stone staircase leading down.
The kobold shouts!
The kobold misses you.
You hit the kobold but do no damage.
The kobold hits you with a +0 short sword.
The ball python completely misses you. You block the ball python's attack.
The kobold hits you but does no damage.
A rat comes into view.
You hit the kobold but do no damage. The ball python closely misses you.
You block the ball python's attack. The kobold hits you but does no damage.
You block the ball python's attack. The ball python grabs you.
The ball python constricts you.
You closely miss the ball python. You block the kobold's attack.
You block the ball python's attack. The ball python constricts you.
The rat barely misses you.
You closely miss the ball python. The kobold hits you but does no damage.
The ball python bites you but does no damage.
The ball python constricts you. The rat bites you.
The kobold hits you with a +0 short sword.
The ball python bites you but does no damage.
The ball python constricts you.
You hit the ball python but do no damage.
An adder comes into view.
The ball python bites you but does no damage.
The ball python constricts you. The rat bites you but does no damage.
You block the kobold's attack.
You slash the ball python!
You kill the ball python!
You block the rat's attack. The kobold hits you but does no damage.
The rat bites you but does no damage.
You miss the kobold. The rat bites you but does no damage.
The kobold completely misses you. The rat bites you but does no damage.
The rat barely misses you.
You barely miss the kobold. The kobold closely misses you.
The rat bites you. x2
The kobold hits you but does no damage.
You slash the kobold!
You kill the kobold!
The rat barely misses you. The rat bites you but does no damage.
The adder bites you but does no damage. The rat bites you but does no damage.
You closely miss the adder. The adder closely misses you.
The rat barely misses you. x2; The adder bites you but does no damage.
The rat bites you but does no damage.
There are monsters nearby!
There are monsters nearby!
The rat misses you. The adder closely misses you.
You completely miss the adder. The adder bites you.
You closely miss the adder. The adder bites you but does no damage.
The adder bites you.
You are poisoned.
The adder poisons you!
You barely miss the adder.
You feel sick. The adder closely misses you.
The adder bites you but does no damage.
You closely miss the adder.
You feel sick. You block the adder's attack.
You closely miss the adder.
You feel sick.
The adder bites you but does no damage. x2
You hit the adder.
The adder is heavily wounded.
You feel sick.
You are no longer poisoned.
The adder barely misses you. The adder bites you but does no damage.
You hit the adder.
The adder is almost dead.
The adder bites you.
* * * LOW HITPOINT WARNING * * *
You hit the adder.
You kill the adder!
You have reached level 3!
Your experience leads to an increase in your attributes!
Increase (S)trength, (I)ntelligence, or (D)exterity?
You feel stronger.
You slash the rat!
You kill the rat!
You hit the rat.
The rat is heavily wounded.
The rat closely misses you.
You hit the rat.
You kill the rat!
Things that are here:
a rat corpse; a rat corpse Key pressed, stopping explore.
Found a pair of boots.
Things that are here:
a +0 short sword; a stone You see here a ball python skeleton.
h - a scroll labelled UXIEFI GUTHRY You see here a ball python skeleton.
i - a +0 pair of boots No target in view!
No target in view!
No target in view!
No target in view!
No target in view!
No target in view!
No target in view!
No target in view!
No target in view!
Found 18 stones.
You start putting on your armour.
You continue putting on your +0 pair of boots. x4
You finish putting on your +0 pair of boots.
You see here 18 stones.
A quokka comes into view.
You see here a scroll labelled RIPPEI EDEMEMP.
A quokka is nearby!
A quokka is nearby!
You hit the quokka.
The quokka is lightly wounded.
The quokka bites you but does no damage.
The quokka bites you.
You slash the quokka!
You kill the quokka!
No target in view!
No target in view!
No target in view!
No target in view!
No target in view!
No target in view!
j - a scroll labelled RIPPEI EDEMEMP A ball python and a rat come into view.
The ball python hisses angrily.
There are monsters nearby!
The ball python closely misses you. The ball python grabs you.
The ball python constricts you.
You barely miss the ball python. The rat barely misses you.
You block the ball python's attack. The ball python constricts you.
Your shield prevents you from hitting the ball python.
You block the ball python's attack. The ball python constricts you.
The rat closely misses you.
The ball python bites you but does no damage.
The ball python constricts you.
You hit the ball python.
The ball python is heavily wounded.
The rat bites you but does no damage. The ball python barely misses you.
The ball python constricts you. The rat bites you but does no damage.
You barely miss the ball python.
The ball python is heavily wounded.
You block the ball python's attack. The ball python constricts you.
The rat barely misses you.
The ball python bites you but does no damage.
The ball python constricts you.
You hit the ball python.
You kill the ball python!
You block the rat's attack.
You slash the rat!
You kill the rat!
No target in view!
No target in view!
No target in view!
A rat comes into view.
A rat is nearby!
A rat is nearby!
A rat is nearby!
The rat bites you but does no damage.
You closely miss the rat. The rat barely misses you. The rat bites you.
You hit the rat.
You kill the rat!
No target in view!
No target in view!
No target in view!
No target in view!
No target in view!
You see here a rat corpse.
A rat comes into view.
A rat is nearby!
A rat is nearby!
An endoplasm comes into view.
Found a scroll labelled OWNAEDAO VOSAL.
The endoplasm quivers.
The rat bites you but does no damage.
You hit the rat.
You kill the rat!
You hit the endoplasm but do no damage. The endoplasm hits you.
You slash the endoplasm!
You kill the endoplasm!
No target in view!
No target in view!
No target in view!
No target in view!
k - a scroll labelled OWNAEDAO VOSAL You now have 45 gold pieces (gained 13).
You open the door. You open the door.
There is an open door here.
An endoplasm comes into view.
The endoplasm quivers.
An endoplasm is nearby!
You slash the endoplasm!
You kill the endoplasm!
No target in view!
No target in view!
You open the door.
There is an open door here.
You open the door.
An adder comes into view.
The adder hisses angrily.
You hear a shout!
A hobgoblin comes into view.
There are monsters nearby!
There is an open door here.
You barely miss the adder. The adder closely misses you.
The hobgoblin hits you but does no damage.
You hit the adder.
The adder is lightly wounded.
The adder barely misses you. You block the hobgoblin's attack.
The adder bites you but does no damage.
You closely miss the adder.
The adder is lightly wounded.
The adder barely misses you. The hobgoblin hits you.
You closely miss the adder.
The adder is lightly wounded.
The adder bites you but does no damage. The hobgoblin closely misses you.
The adder closely misses you.
The hobgoblin hits you but does no damage.
You hit the adder but do no damage.
The adder is lightly wounded.
You block the adder's attack. The hobgoblin hits you.
The adder bites you but does no damage.
You slash the adder!
You kill the adder!
The hobgoblin hits you but does no damage.
You hit the hobgoblin but do no damage.
The hobgoblin hits you but does no damage.
The hobgoblin closely misses you.
You hit the hobgoblin but do no damage. You block the hobgoblin's attack.
You hit the hobgoblin.
The hobgoblin is severely wounded.
The hobgoblin hits you.
You barely miss the hobgoblin.
The hobgoblin is severely wounded.
The hobgoblin hits you but does no damage.
You closely miss the hobgoblin.
The hobgoblin is severely wounded.
The hobgoblin closely misses you.
The hobgoblin hits you but does no damage.
You hit the hobgoblin.
You kill the hobgoblin!
No target in view!
No target in view!
No target in view!
No target in view!
No target in view!
There is an escape hatch in the floor here.
You open the door.
There is an open door here.
There is an open door here.
A hobgoblin comes into view.
A hobgoblin is nearby!
A hobgoblin is nearby!
The hobgoblin closely misses you.
You hit the hobgoblin.
The hobgoblin is heavily wounded.
The hobgoblin completely misses you.
You hit the hobgoblin.
The hobgoblin is severely wounded.
The hobgoblin barely misses you.
You hit the hobgoblin.
You kill the hobgoblin!
No target in view!
No target in view!
No target in view!
No target in view!
You now have 59 gold pieces (gained 14).
There is an open door here.
A quokka comes into view.
A quokka is nearby!
A quokka is nearby!
You barely miss the quokka.
The quokka bites you but does no damage.
Your scale mail prevents you from hitting the quokka.
You block the quokka's attack. x2
You hit the quokka but do no damage. You block the quokka's attack.
You slash the quokka!
You kill the quokka!
No target in view!
No target in view!
No target in view!
No target in view!
No target in view!
You open the door.
There is an open door here.
A bat comes into view.
A bat is nearby!
A bat is nearby!
A goblin comes into view. It is wielding a +0 dagger.
The goblin shouts!
You miss the bat. You block the bat's attack. The bat barely misses you.
The bat hits you but does no damage.
You hit the bat.
You kill the bat!
You closely miss the goblin. The goblin hits you but does no damage.
You closely miss the goblin. You block the goblin's attack.
You hit the goblin.
The goblin is severely wounded.
The goblin hits you but does no damage.
You completely miss the goblin.
The goblin is severely wounded.
The goblin hits you but does no damage. The goblin hits you with a +0 dagger.
You closely miss the goblin.
The goblin is severely wounded.
The goblin hits you but does no damage.
A goblin is nearby!
A goblin is nearby!
You closely miss the goblin.
The goblin is severely wounded.
The goblin hits you but does no damage.
You barely miss the goblin.
The goblin is heavily wounded.
You block the goblin's attack.
You hit the goblin.
You kill the goblin!
No target in view!
No target in view!
No target in view!
No target in view!
No target in view!
Things that are here:
a +0 dagger; a goblin corpse
Found a stone staircase leading down.
Things that are here:
a +0 dagger; a goblin corpse As you open the door, it creaks loudly!
There is an open door here.
A bat comes into view.
A bat is nearby!
The bat hits you but does no damage.
You miss the bat. The bat hits you but does no damage.
You block the bat's attack.
You slash the bat!
You kill the bat!
No target in view!
No target in view!
No target in view!
No target in view!
No target in view!
There is a stone staircase leading down here.
There is an escape hatch in the ceiling here.
Things that are here:
a +0 short sword; a stone You open the door.
There is an open door here.
Found 21 poisoned darts.
Found a stone staircase leading down.
You see here 21 poisoned darts.
There is a stone staircase leading down here.
l - a green potion No target in view!
No target in view!
No target in view!
No target in view!
No target in view!
No target in view!
No target in view!
No target in view!
No target in view!
You open the door. You open the door.
Found a leather armour and a hunting sling.
There is an open door here.
You see here a +0 leather armour.
You see here a +0 hunting sling.
Done exploring.
Done exploring.
Done exploring.
No target in view!
Unknown command.
(D) Dungeon
Where to? (Enter - D:2, ? - help)
You see here a +0 hunting sling.
You see here a +0 leather armour.
There is an open door here.
There is a stone staircase leading down here.
You climb downwards.
There is a stone staircase leading up here.
You open the door.
A dart slug comes into view.
A dart slug is nearby!
A dart slug is nearby!
There is an open door here.
You slash the dart slug!
You kill the dart slug!
No target in view!
No target in view!
No target in view!
No target in view!
No target in view!
No target in view!
No target in view!
A kobold comes into view. It is wielding a +0 short sword.
The kobold shouts!
The kobold throws a stone.
The stone hits you but does no damage.
A kobold is nearby!
A kobold is nearby!
The kobold hits you with a +0 short sword.
Your shield and scale mail prevent you from hitting the kobold.
The kobold hits you with a +0 short sword.
You hit the kobold.
You kill the kobold!
No target in view!
No target in view!
No target in view!
No target in view!
No target in view!
No target in view!
HP restored.
Things that are here:
a +0 short sword; 3 stones; a kobold corpse
m - a ring of magical power
n - a bubbling brown potion No target in view!
No target in view!
No target in view!
No target in view!
No target in view!
No target in view!
No target in view!
No target in view!
Found a stone staircase leading up.
Found a stone staircase leading down.
There is a stone staircase leading down here.
An orc comes into view. It is wielding a +0 mace.
Found 11 bolts.
The orc shouts!
You hit the orc.
The orc is severely wounded.
The orc hits you but does no damage.
You closely miss the orc.
The orc is severely wounded.
The orc hits you with a +0 mace.
You closely miss the orc.
The orc is severely wounded.
The orc hits you but does no damage.
You closely miss the orc.
The orc is severely wounded.
You block the orc's attack. x2
You hit the orc.
You kill the orc!
No target in view!
No target in view!
No target in view!
No target in view!
Things that are here:
a +0 mace; a +0 leather armour
Found a trident.
Found a stone staircase leading up.
o - a scroll labelled SIXZIW IMEUBB No target in view!
No target in view!
No target in view!
No target in view!
No target in view!
No target in view!
No target in view!
No target in view!
No target in view!
No target in view!
e - 2 inky potions (gained 1)
Things that are here:
a +0 short sword; 3 stones; a kobold skeleton
There is an open door here.
You now have 75 gold pieces (gained 16).
Key pressed, stopping explore.
There is an open door here.
There is a stone staircase leading up here.
A rat comes into view.
A rat is nearby!
Found a dagger.
Found a hand axe.
The rat barely misses you.
You barely miss the rat. The rat closely misses you.
You hit the rat.
The rat is heavily wounded.
You block the rat's attack.
You slash the rat!
You kill the rat!
No target in view!
No target in view!
No target in view!
No target in view!
A goblin comes into view. It is wielding a +0 dagger.
The goblin shouts!
A goblin is nearby!
A goblin is nearby!
A hobgoblin comes into view.
The hobgoblin shouts!
The goblin hits you but does no damage.
You hit the goblin.
You kill the goblin!
The hobgoblin hits you.
You barely miss the hobgoblin.
The hobgoblin hits you but does no damage.
You barely miss the hobgoblin.
The hobgoblin hits you but does no damage.
You closely miss the hobgoblin. The hobgoblin hits you.
You slash the hobgoblin!
You kill the hobgoblin!
You have reached level 4!
You feel clever.
Things that are here:
a +0 dagger; a hobgoblin corpse; a goblin corpse You now have 84 gold pieces (gained 9).
You now have 98 gold pieces (gained 14).
A hobgoblin comes into view.
A hobgoblin is nearby!
The hobgoblin hits you but does no damage.
You slash the hobgoblin!
You kill the hobgoblin!
Your Long Blades skill increases to level 4!
No target in view!
No target in view!
No target in view!
No target in view!
No target in view!
You see here a hobgoblin corpse.
Found a stone staircase leading down.
Found a stone staircase leading down.
There is a stone staircase leading down here.
You see here a +0 dagger.
There is a stone staircase leading down here.
Key pressed, stopping explore.
No target in view!
No target in view!
No target in view!
No target in view!
No target in view!
No target in view!
No target in view!
No target in view!
No target in view!
There is a stone staircase leading up here.
Things that are here:
a +0 short sword; 3 stones
There is a stone staircase leading up here.
Done exploring.
Done exploring.
Done exploring.
(D) Dungeon
Where to? (Enter - D:3, ? - help)
There is a stone staircase leading down here.
You climb downwards.
Found 17 gold pieces and 25 arrows.
There is a stone staircase leading up here.
You now have 115 gold pieces (gained 17).
There is a stone staircase leading up here.
Found a whip.
A scorpion comes into view.
A scorpion is nearby!
A ball python comes into view.
Found a short sword.
The ball python hisses angrily.
An endoplasm comes into view.
A lemure comes into view.
The scorpion stings you but does no damage.
The ball python barely misses you. x2
You aren't carrying any items that you can evoke.
You feel very mighty all of a sudden.
The ball python bites you but does no damage.
The ball python grabs you. The ball python constricts you.
You slash the ball python!
You kill the ball python!
You slash the scorpion!
The scorpion is heavily wounded.
You block the scorpion's attack. The scorpion stings you!
You slash the scorpion!
The scorpion is almost dead.
You block the scorpion's attack.
You slice the scorpion!!
You kill the scorpion!
The endoplasm hits you but does no damage.
You hit the endoplasm.
The endoplasm is lightly wounded.
The endoplasm freezes you.
You are frozen.
You slash the endoplasm!
You kill the endoplasm!
Things that are here:
a scorpion corpse; a ball python corpse No target in view!
You feel a little less mighty now.
Key pressed, stopping explore.
No target in view!
No target in view!
You see here 11 arrows.
A lemure and Pikel come into view.
Pikel is wielding a +0 whip of flaming.
Pikel shouts!
The lemure shouts!
You hear a shout!
A lemure comes into view.
The lemure moves out of view.
You hear a shout!
There are monsters nearby!
There are monsters nearby!
There are monsters nearby!
There are monsters nearby!
There are monsters nearby!
There are monsters nearby!
There are monsters nearby!
There are monsters nearby!
Unknown command.
The lemure shouts!
A lemure comes into view.
There are monsters nearby!
You hit Pikel.
Pikel is lightly wounded.
Pikel hits you with a +0 whip of flaming.
Pikel burns you.
Your scale mail prevents you from hitting Pikel.
Pikel is lightly wounded.
Pikel hits you with a +0 whip of flaming.
Pikel burns you.
You closely miss Pikel.
Pikel is lightly wounded.
You block Pikel's attack.
You hit Pikel but do no damage.
Pikel is lightly wounded.
Pikel closely misses you.
Pikel hits you with a +0 whip of flaming.
Pikel burns you.
You closely miss Pikel.
Pikel says, "I'm sure the Orcish Mines are around here somewhere..."
Pikel hits you but does no damage.
You barely miss Pikel.
Pikel says, "Hell isn't that bad."
Pikel hits you with a +0 whip of flaming.
* * * LOW HITPOINT WARNING * * *
Pikel burns you.
* * * LOW HITPOINT WARNING * * *
You closely miss Pikel.
Pikel hits you with a +0 whip of flaming!
* * * LOW HITPOINT WARNING * * *
Pikel burns you.
* * * LOW HITPOINT WARNING * * *
You barely miss Pikel. Pikel barely misses you.
You closely miss Pikel.
Pikel hits you with a +0 whip of flaming.
* * * LOW HITPOINT WARNING * * *
Pikel burns you.
You die...

.. #.#.### ..
#....)## # #5
#...... #.#
##.###.....#
....#..K##...).#
........ .....#
###...####..###
#....55K@....#.
#.##.#####(.#.#
#...$....#.#
####.###†#.#
#.###.#.#
#.....<.#
#(###.### #.#
#.#


You could see Pikel and 2 lemures.

Vanquished Creatures
  A scorpion (D:4)
  2 adders (D:2)
  A dart slug (D:3)
  An orc (D:3)
  7 ball pythons
  3 bats
  7 endoplasms
  A giant cockroach (D:1)
  5 hobgoblins
  3 kobolds
  4 quokkas (D:2)
  3 goblins
  8 rats
46 creatures vanquished.

Notes
Turn   | Place    | Note
-------+----------+-------------------------------------------
     0 | D:1      | sleeves the Demonspawn Fighter began the quest for the Orb.
     0 | D:1      | Reached XP level 1. HP: 18/18 MP: 1/1
    36 | D:1      | Reached skill level 2 in Long Blades
   270 | D:1      | Gained mutation: You are partially covered in yellow
                  | scales. (AC +2) [demonic ancestry]
   270 | D:1      | Reached XP level 2. HP: 14/24 MP: 2/2
   691 | D:2      | Reached skill level 3 in Long Blades
   813 | D:2      | HP: 12/24 [poisoned by an adder]
   819 | D:2      | Reached XP level 3. HP: 11/29 MP: 3/3
  2275 | D:3      | Reached XP level 4. HP: 29/35 MP: 4/4
  2355 | D:3      | Reached skill level 4 in Long Blades
  2640 | D:4      | Noticed a scorpion
  2644 | D:4      | Noticed a lemure
  2652 | D:4      | Killed a scorpion
  2753 | D:4      | Noticed Pikel
  2753 | D:4      | Noticed a lemure
  2753 | D:4      | Noticed a lemure
  2756 | D:4      | Noticed a lemure
  2765 | D:4      | HP: 13/35 [Pikel (5)]
  2766 | D:4      | HP: 3/35 [Pikel (8)]
  2768 | D:4      | HP: 1/35 [Pikel (1)]
  2768 | D:4      | Slain by Pikel

Illustrated notes

Levels and vault maps discovered:
D:1:      wander_arrival_lonely_grave, layout_rooms
D:2:      layout_basic
D:3:      layout_loops_ring, kennysheep_small_spiral, minmay_diced_spiral
D:4:      layout_loops_ring, uniq_pikel

Skill      XL: |  1  2  3  4 |
---------------+-------------+-----
Long Blades    | 2 3 4 |  4.7
Fighting       | |  3.0
Armour         | |  2.6
Shields        | |  2.6

Action                   |  1- 3 |  4- 6 || total
-------------------------+-------+-------++-------
Melee: Long sword        |   135 |    16 ||   151
  Use: Potion            |       |     1 ||     1
Armor: Scale mail        |    88 |     5 ||    93
Dodge: Dodged            |    56 |     4 ||    60
Block: Buckler           |    39 |     3 ||    42

Table legend: (Time is in decaauts)
 A = Elapsed time spent in this place.
 B = Non-inter-level travel time spent in this place.
 C = Inter-level travel time spent in this place.
 D = Time resting spent in this place.
 E = Time spent auto-exploring this place.
 F = Levels seen in this place.
 G = Mean time per level.
                   A        B        C        D        E       F      G
               +--------+--------+--------+--------+--------+-----+--------+
         Total |   2807 |   2738 |     69 |      0 |   2382 |   4 |  701.8 |
       Dungeon |   2807 |   2738 |     69 |      0 |   2382 |   4 |  701.8 |
               +--------+--------+--------+--------+--------+-----+--------+

Top non-repeatable levels by time:
     D:2: 1087 daAuts
     D:3: 937 daAuts
     D:1: 644 daAuts
     D:4: 137 daAuts
